 Dungeon Crawl Stone Soup version 0.27.1-33-g824d729ab1 (webtiles) character file.

Game seed: 9155000651284374384

9 zeram the Sneak (level 2, 0/13 HPs)
             Began as a Spriggan Enchanter on Dec 31, 2021.
             Slain by a giant cockroach (2 damage)
             ... on level 1 of the Dungeon.
             The game lasted 00:02:43 (402 turns).

zeram the Sneak (Spriggan Enchanter)                 Turns: 402, Time: 00:02:44

Health: 0/13       AC:  2    Str:  4    XL:     2   Next: 6%
Magic:  6/6        EV: 17    Int: 16    God:
Gold:   5          SH:  0    Dex: 15    Spells: 3/6 levels left

rFire    . . .     SeeInvis +   a - +1 dagger
rCold    . . .     Faith    .   (shield restricted)
rNeg     . . .     Spirit   .   b - +0 robe
rPois    .         Reflect  .   (helmet restricted)
rElec    .         Harm     .   (no cloak)
rCorr    .         Rampage  .   (gloves unavailable)
Will     .....                  (boots unavailable)
Stlth    +++.......             (no amulet)
HPRegen  0.04/turn              (no ring)
MPRegen  0.10/turn              (no ring)

@: very quick
A: very small, no large weapons, unfitting armour, see invisible, speed 3
a: no special abilities


You were on level 1 of the Dungeon.
You visited 1 branch of the dungeon, and saw 2 of its levels.

You collected 5 gold pieces.

Inventory:

Hand Weapons
 a - a +1 dagger (weapon)
Armour
 b - a +0 robe (worn)


   Skills:
 - Level 1.1 Short Blades
 + Level 2.8 Dodging
 + Level 4.9 Stealth
 + Level 2.8 Spellcasting
 + Level 3.9 Hexes


You had 3 spell levels left.
You knew the following spells:

 Your Spells              Type           Power      Damage    Failure   Level
a - Corona                Hex            15%        N/A       3%          1
b - Ensorcelled Hibernat  Hex/Ice        16%        N/A       13%         2

Your spell library contained the following spells:

 Spells                   Type           Power      Damage    Failure   Level
 Confusing Touch          Hex            14%        N/A       11%         3
 Tukima's Dance           Hex            14%        N/A       11%         3
 Dazzling Flash           Conj/Hex       16%        N/A       26%         3


Dungeon Overview and Level Annotations

Branches:
Dungeon (2/15)

Altars:


Innate Abilities, Weirdness & Mutations

You are very small and have problems with some larger weapons.
You are too small for most types of armour.
You have supernaturally acute eyesight. (SInv)
You cover ground extremely quickly. (Speed+++)


Message History

Confirm with . or Enter, or press ? or * to list all spells.
Aiming: Ensorcelled Hibernation (safe; 13% risk of failure)
Press: ? - help, Shift-Dir - straight line, f - rat
Aim: a rat (chance to affect: 57%)
The rat looks drowsy...
The helpless rat fails to defend itself.
You puncture the rat!
You kill the rat!
There is a stone staircase leading up here.
You start resting.
Magic restored.
You start resting.
A giant cockroach is nearby!
A giant cockroach is nearby!
Found 7 gold pieces and a hunting sling.
There is a stone staircase leading up here.
You climb upwards.
The giant cockroach misses you.
The giant cockroach completely misses you.
The rat misses you.
There is a stone staircase leading down here.
You hit the giant cockroach but do no damage.
The giant cockroach misses you. The rat closely misses you.
You hit the giant cockroach but do no damage.
The giant cockroach completely misses you.
The rat bites you.
* * * LOW HITPOINT WARNING * * *
You see here 4 boomerangs.
You hit the rat.
The rat is severely wounded.
The rat bites you.
* * * LOW HITPOINT WARNING * * *
You hit the rat but do no damage.
The rat is severely wounded.
The rat closely misses you.
The giant cockroach completely misses you.
You closely miss the rat.
The rat is severely wounded.
The giant cockroach barely misses you. The rat misses you.
The giant cockroach bites you.
You die...

###†#............#
#..........##.####
#..........# ...
#..........########
#.......>..'......##
#..........######B.#####
#.........(#######.#...#
#..........r#.r.##...#
###########.B@#......###...
########.........#
#...........?....#
#.......l........#
#..........##..####
#.......B..###....#
#..........# ....#
#..........###....#
#.............r...#


You could see a giant cockroach and 2 rats.

Vanquished Creatures
  A dart slug (D:2)
  A bat (D:1)
  An endoplasm (D:1)
  A ball python (D:1)
  A frilled lizard (D:1)
  2 goblins (D:1)
  A rat (D:2)
8 creatures vanquished.

Vanquished Creatures (others)
  4 fungi (D:2)
  5 plants (D:2)
9 creatures vanquished.

Grand Total: 17 creatures vanquished

Notes
Turn   | Place    | Note
-------+----------+-------------------------------------------
     0 | D:1      | zeram the Spriggan Enchanter began the quest for the Orb.
     0 | D:1      | Reached XP level 1. HP: 9/9 MP: 5/5
   351 | D:2      | Reached XP level 2. HP: 2/13 MP: 6/6
   354 | D:2      | Learned a level 2 spell: Ensorcelled Hibernation
   402 | D:1      | Slain by a giant cockroach

Illustrated notes

Levels and vault maps discovered:
D:1:      roderic_crossed_star, layout_basic
D:2:      kennysheep_big_flooded_room, layout_rooms,
          dreamdust_ecumenical_altar_grove

Action                   || total
-------------------------++-------
Melee: Dagger            ||    28
 Cast: Ensorcelled Hiber ||     1
 Stab: Sleeping          ||     4
Armor: Robe              ||     1
Dodge: Dodged            ||    59
